 Dungeon Crawl Stone Soup version 0.30-a0-1085-g990a428a5c (webtiles) character file.

Game seed: 12348243111558122536

7092 Miklu the Martial Artist (level 11, 0/102 HPs)
             Began as a Merfolk Transmuter on Apr 17, 2023.
             Was a Follower of Hepliaklqana.
             Slain by a killer bee (7 damage)
             ... on level 9 of the Dungeon.
             The game lasted 00:33:44 (8025 turns).

Miklu the Martial Artist (Merfolk Transmuter)       Turns: 8025, Time: 00:33:44

Health: 0/102      AC: 29    Str: 14    XL:     11   Next: 9%
Magic:  15/15      EV:  2    Int: 14    God:    Hepliaklqana [*.....]
Gold:   534        SH:  0    Dex: 14    Spells: 4/16 levels left

rFire   . . .      SeeInvis .      - Unarmed
rCold   . . .      Faith    .    (no shield)
rNeg    . . .      Spirit   .    a - melded +2 robe
rPois   +          Reflect  .    f - melded +0 helmet
rElec   .          Rampage  .    (cloak currently unavailable)
rCorr   .          NoTele   +    (gloves currently unavailable)
Will    .....                    j - melded +1 pair of boots
Stlth   +++                      n - amulet of regeneration
HPRegen 1.17/turn                t - +5 ring of evasion
MPRegen 0.14/turn                b - +4 ring of protection

@: tree-form, wereblooded
A: stationary, stasis, torment immunity, boosted hp, reduced essence, (nimble
swimmer 2), (mertail)
a: Renounce Religion, Recall Ancestor, Ancestor Identity


You were on level 9 of the Dungeon.
You worshipped Hepliaklqana.
Hepliaklqana was aware of your devotion.
You were a tree.
You visited 2 branches of the dungeon, and saw 10 of its levels.
You also visited: Ossuary.

You collected 534 gold pieces.

Inventory:

Missiles
 i - 2 throwing nets
Armour
 a - a +2 robe (melded)
 f - a +0 helmet (melded)
 j - a +1 pair of boots (melded)
Jewellery
 b - a +4 ring of protection (right branch)
 l - a ring of poison resistance
 n - an amulet of regeneration (around neck)
 t - a +5 ring of evasion (left branch)
 y - a +5 ring of evasion
 z - a ring of see invisible
Wands
 B - a wand of flame (20) (quivered)
Scrolls
 g - 2 scrolls of magic mapping
 o - 2 scrolls of noise {unknown}
 r - 3 scrolls of teleportation
 v - 2 scrolls of identify
 w - 3 scrolls of enchant armour
 A - a scroll of fear {unknown}
Potions
 c - a potion of might
 d - 2 potions of heal wounds {unknown}
 e - a potion of flight
 h - 5 potions of degeneration
 k - 2 potions of mutation {unknown}
 m - 7 potions of curing
 p - 4 potions of haste
 q - 2 potions of invisibility
 s - 2 potions of lignification
 u - 4 potions of attraction {unknown}
 x - 2 potions of cancellation {unknown}


   Skills:
 + Level 3.6 Fighting
 + Level 9.8 Dodging
 + Level 4.3 Stealth
 * Level 14.1 Unarmed Combat
 + Level 3.1 Spellcasting
 + Level 7.6 Transmutations
 + Level 0.9 Evocations


You had 4 spell levels left.
You knew the following spells:

 Your Spells              Type           Power      Damage    Failure   Level
a - Beastly Appendage     Tmut           46%        N/A       1%          1
b - Wereblood             Tmut           23%        N/A       1%          2
c - Passwall              Tmut/Erth      10%        N/A       7%          2
d - Spider Form           Tmut/Pois      12%        N/A       13%         3
e - Ice Form              Ice/Tmut       12%        N/A       41%         4

Your spell library contained the following spells:

 Spells                   Type           Power      Damage    Failure   Level
 Kiss of Death            Conj/Necr      8%         2d6       22%         1
 Ensorcelled Hibernation  Hex/Ice        4%         N/A       32%         2
 Call Canine Familiar     Summ           2%         N/A       54%         3
 Confusing Touch          Hex            2%         N/A       54%         3
 Hailstorm                Conj/Ice       2%         3d3       54%         3
 Portal Projectile        Hex/Tloc       4%         N/A       54%         3
 Stone Arrow              Conj/Erth      4%         3d7       54%         3
 Swiftness                Air            2%         N/A       54%         3
 Animate Armour           Summ/Erth      4%         N/A       91%         4
 Dispel Undead            Necr           2%         3d7       91%         4
 Leda's Liquefaction      Hex/Erth       1%         N/A       91%         4
 Simulacrum               Ice/Necr       1%         N/A       100%        6
 Lehudib's Crystal Spear  Conj/Erth      1%         10d2      100%        8


Dungeon Overview and Level Annotations

Branches:
Dungeon (9/15)             Temple (1/1) D:7         Ossuary (visited)
   Lair: D:8-11         Orc: D:9-12

Altars:
Ashenzari
Dithmenos
Fedhas
Gozag
Hepliaklqana
Kikubaaqudgha
Makhleb
Nemelex Xobeh
Okawaru
Qazlal
Ru
Sif Muna
Wu Jian
Xom
Yredelemnul
Zin
The Shining One

Shops:
D:5 =


Innate Abilities, Weirdness & Mutations

You are a tree.
Your roots penetrate the ground, keeping you stationary.
You cannot be teleported.
You are immune to unholy pain and torment.
Your maximum health is greatly increased.
Your equipment is partially melded.
Your life essence is reduced to manifest your ancestor. (-10% HP)
((You are very nimble when in or above water. (Stealth+, EV+, Speed+++)))
((Your lower body shifts to a powerful aquatic tail in water.))


Message History

You pummel the killer bee!!
You feel a bit better.
You kill the killer bee!
You feel sick.
The killer bee stings you but does no damage.
The water moccasin bites you but does no damage.
The killer bee stings you.
* * * LOW HITPOINT WARNING * * *
You cannot move.
Unknown command.
You closely miss the water moccasin.
You feel sick. The water moccasin bites you!
* * * LOW HITPOINT WARNING * * *
The killer bee completely misses you. The orc hits you but does no damage.
Unknown command.
You smack the water moccasin!
You punch the water moccasin!
The water moccasin is almost dead.
The killer bee stings you but does no damage.
The water moccasin bites you but does no damage.
The killer bee stings you but does no damage.
The orc hits you but does no damage.
Unknown command.
You smack the water moccasin!
You feel a bit better.
You kill the water moccasin!
You feel sick.
You are no longer poisoned.
The killer bee stings you but does no damage.
You cannot move.
You closely miss the killer bee.
You hear a shout!
The killer bee stings you.
* * * LOW HITPOINT WARNING * * *
The orc hits you but does no damage.
An orc comes into view. It is wielding a +0 short sword.
The killer bee stings you but does no damage.
You closely miss the killer bee.
The killer bee stings you but does no damage.
The orc hits you but does no damage.
Unknown command.
You barely miss the killer bee. The killer bee stings you!
You die...

.##.. ..... #### ≈.
#####≈. . .... ≈≈≈ (
S≈≈≈≈≈. .. #..# ..#
.+...#... ... #..###..#
.....o... ...##.......#
##........
.......)....###+#.........
.............#..†y........
.>...........#..♣†o†..#
...#...##...##..##....# #
#...#######[.##........
##<.##....†...#........
#.............#..##....
#................# ....
##.......##+#..(.. ...
######..# ##.... ..
#...... ....


You could see a killer bee, an electric eel and 2 orcs.

Vanquished Creatures
  A two-headed ogre (D:7)
  A deep elf pyromancer (D:8)
  Joseph (D:7)
  The ghost of vineage the Fighter, a novice GrFi (D:5)
  Grinder (D:4)
  Sigmund (D:2)
  Eustachio (D:5)
  A steam dragon (D:9)
  A warg (D:9)
  5 water moccasins
  4 sky beasts
  2 ice beasts (D:6)
  A black bear (D:4)
  2 ogres
  4 centaurs
  A phantom (D:6)
  3 bullfrogs
  5 wyvern zombies (Ossuary)
  A water moccasin zombie (Ossuary)
  7 scorpions
  4 wights (D:8)
  8 killer bees
  A howler monkey (D:6)
  6 bullfrog zombies (Ossuary)
  3 centaur zombies (Ossuary)
  5 hounds
  2 jellies
  A gnoll bouda (D:8)
  4 orc priests
  2 sleepcaps
  3 iguanas
  2 orc wizards (D:5)
  5 killer bee zombies (Ossuary)
  11 mummies (Ossuary)
  4 howler monkey zombies (Ossuary)
  10 gnolls
  6 adders
  A shadow imp (D:7)
  A white imp (D:6)
  3 worms
  2 dart slugs (D:1)
  16 orcs
  3 ball pythons
  4 bats
  6 endoplasms
  7 giant cockroaches
  5 goblins
  4 hobgoblins
  3 jackals (D:2)
  5 kobolds
  3 quokkas
  5 frilled lizards
  3 rats
192 creatures vanquished.

Vanquished Creatures (collateral kills)
  An orc warrior (D:8)
  An orc wizard (D:8)
  2 orcs
4 creatures vanquished.

Vanquished Creatures (others)
  A killer bee (D:9)
  An ancestor (D:9)
  3 withered plants (Ossuary)
5 creatures vanquished.

Grand Total: 201 creatures vanquished

Notes
Turn   | Place    | Note
-------+----------+-------------------------------------------
     0 | D:1      | Miklu the Merfolk Transmuter began the quest for the Orb.
     0 | D:1      | Reached XP level 1. HP: 15/15 MP: 3/3
   158 | D:1      | Reached XP level 2. HP: 21/21 MP: 5/5
   211 | D:1      | Learned a level 2 spell: Wereblood
   512 | D:1      | Reached XP level 3. HP: 26/26 MP: 6/6
   576 | D:1      | Reached skill level 4 in Unarmed Combat
   996 | D:2      | Reached XP level 4. HP: 11/32 MP: 7/7
  1336 | D:2      | Noticed Sigmund
  1355 | D:2      | Killed Sigmund
  1356 | D:2      | Reached skill level 1 in Stealth
  1356 | D:2      | Reached skill level 5 in Unarmed Combat
  1356 | D:2      | Reached XP level 5. HP: 38/38 MP: 8/8
  1409 | D:2      | Found a faded altar of an unknown god.
  1765 | D:3      | Reached XP level 6. HP: 44/44 MP: 9/9
  2714 | D:4      | Found a stormy altar of Qazlal.
  2744 | D:4      | Noticed Grinder
  2748 | D:4      | Paralysed by Grinder for 2 turns
  2779 | D:4      | Noticed a black bear
  2784 | D:4      | Killed a black bear
  2813 | D:4      | Killed Grinder
  2814 | D:4      | Reached skill level 6 in Unarmed Combat
  2814 | D:4      | Reached skill level 5 in Transmutations
  2814 | D:4      | Reached XP level 7. HP: 51/51 MP: 9/11
  2851 | D:4      | Found a shimmering altar of Xom.
  3223 | D:5      | Entered Level 5 of the Dungeon
  3299 | D:5      | Noticed vineage's ghost (novice GrFi)
  3311 | D:5      | Found Putuopse's Jewellery Emporium.
  3363 | D:5      | Reached XP level 8. HP: 29/57 MP: 12/12
  3379 | D:5      | Reached skill level 5 in Dodging
  3379 | D:5      | Reached skill level 7 in Unarmed Combat
  3564 | D:5      | Found a runed translucent gate.
  3564 | D:5      | Found a runed translucent gate.
  3565 | D:5      | Found a runed translucent gate.
  3569 | D:5      | Noticed Eustachio
  3611 | D:5      | Killed Eustachio
  3852 | D:5      | Found a sand-covered staircase.
  3859 | Ossuary  | Entered an ossuary
  3877 | Ossuary  | Reached skill level 8 in Unarmed Combat
  3918 | Ossuary  | Reached XP level 9. HP: 63/63 MP: 13/13
  3948 | Ossuary  | Reached skill level 9 in Unarmed Combat
  4266 | Ossuary  | Reached skill level 10 in Unarmed Combat
  4589 | D:5      | Learned a level 2 spell: Passwall
  4922 | D:6      | Reached skill level 11 in Unarmed Combat
  5471 | D:7      | Noticed a two-headed ogre
  5485 | D:7      | Found a staircase to the Ecumenical Temple.
  5509 | Temple   | Entered the Ecumenical Temple
  5702 | Temple   | Became a worshipper of Hepliaklqana the Forgotten
  5749 | D:7      | Killed a two-headed ogre
  5750 | D:7      | Reached skill level 12 in Unarmed Combat
  5750 | D:7      | Reached XP level 10. HP: 56/70 MP: 12/14
  5755 | D:7      | Learned a level 3 spell: Spider Form
  5760 | D:7      | Learned a level 4 spell: Ice Form
  5811 | D:7      | Found a shadowy altar of Dithmenos.
  6276 | D:7      | Noticed Joseph
  6311 | D:7      | Killed Joseph
  6886 | D:8      | Found an iron altar of Okawaru.
  7100 | D:8      | Reached * piety under Hepliaklqana
  7146 | D:8      | Reached skill level 13 in Unarmed Combat
  7381 | D:8      | Noticed a deep elf pyromancer
  7400 | D:8      | Killed a deep elf pyromancer
  7867 | D:5      | Killed vineage's ghost
  7870 | D:5      | Reached skill level 14 in Unarmed Combat
  7967 | D:9      | Reached XP level 11. HP: 68/68 MP: 15/15
  8020 | D:9      | HP: 4/102 [water moccasin (7)]
  8025 | D:9      | Slain by a killer bee

Illustrated notes

Levels and vault maps discovered:
D:1:      shiori_arrival_maze, layout_basic, minmay_heptomino_d4
D:2:      layout_loops_ring, ebering_ecumenical_altar_abandoned, uniq_sigmund
D:3:      layout_basic
D:4:      layout_cave_pools, xom_teletrap_fun, kennysheep_little_box,
          minmay_liquid_box, uniq_grinder
D:5:      layout_loops_ring, chequers_ossuary_entry_cave, gammafunk_ghost_split,
          serial_shops, shop, uniq_eustachio
D:6:      layout_loops_ring
D:7:      layout_loops_ring, nicolae_dithmenos_the_darkroom,
          minmay_temple_entry_mini_moons, uniq_joseph
D:8:      layout_basic, kennysheep_mini_moat
D:9:      layout_gridville, nicolae_overflow_two_pavilions,
          kennysheep_slug_shrine, lair_entry_dummy, erik_orc_4, serial_shops,
          nicolae_shop_statue_plus
Temple:   dshaligram_water_room_temple

Skill      XL: |  1  2  3  4  5  6  7  8  9 10 |
---------------+-------------------------------+-----
Dodging        | 3 4 6 8 9 |  9.8
Unarmed Combat | 4 5 6 8 12 14 | 14.1
Transmutations | 3 4 5 6 7 |  7.6
Stealth        | 1 2 3 4 |  4.3
Fighting       | 2 3 |  3.6
Spellcasting   | 3 |  3.1
Evocations     | |  0.9

Action                     |  1- 3 |  4- 6 |  7- 9 | 10-12 || total
---------------------------+-------+-------+-------+-------++-------
  Melee: Unarmed           |   106 |   116 |   529 |   230 ||   981
         Headbutt          |     6 |     8 |    22 |     8 ||    44
         Punch             |     4 |     2 |    27 |    11 ||    44
   Cast: Beastly Appendage |     4 |     5 |     8 |     1 ||    18
         Wereblood         |       |     1 |       |     3 ||     4
         Spider Form       |       |       |       |     2 ||     2
 Invoke: Ancestor Identity |       |       |       |     1 ||     1
  Evoke: Wand              |       |     5 |     4 |       ||     9
    Use: Scroll            |       |     6 |     8 |       ||    14
         Potion            |       |     2 |     2 |     2 ||     6
   Stab: Sleeping          |     1 |     3 |     5 |     2 ||    11
         Distracted        |       |       |       |     1 ||     1
 Armour: Robe              |    11 |    21 |   151 |    48 ||   231
         Skin              |       |     2 |       |    37 ||    39
  Dodge: Dodged            |    78 |    57 |   441 |   304 ||   880

Table legend: (Time is in decaauts)
 A = Elapsed time spent in this place.
 B = Non-inter-level travel time spent in this place.
 C = Inter-level travel time spent in this place.
 D = Time resting spent in this place.
 E = Time spent auto-exploring this place.
 F = Levels seen in this place.
 G = Mean time per level.
                   A        B        C        D        E       F      G
               +--------+--------+--------+--------+--------+-----+--------+
         Total |   7857 |   6936 |    921 |    717 |   3987 |  11 |  714.3 |
       Dungeon |   7190 |   6284 |    906 |    579 |   3928 |   9 |  798.9 |
        Temple |    208 |    193 |     15 |    110 |     59 |   1 |  208.0 |
       Ossuary |    458 |    458 |      0 |     28 |      0 |   1 |  458.0 |
               +--------+--------+--------+--------+--------+-----+--------+

Top non-repeatable levels by time:
     D:7: 1220 daAuts
     D:5: 1175 daAuts
     D:3: 887 daAuts
     D:2: 870 daAuts
     D:1: 848 daAuts
     D:8: 846 daAuts
     D:6: 691 daAuts
     D:4: 592 daAuts
 Ossuary: 458 daAuts
  Temple: 208 daAuts
     D:9: 57 daAuts
